AoeStats
← 礁溪羅志祥

Arena

510807528Analyzed
3v3 RM · 22h ago on Oct 2, 2026· 42m 41s· 6 players
Game mode
Random Map
Map size
Normal (6 player)
Population
200
Speed
Normal
Resources
Standard
Victory
Conquest
Starting age
Dark Age
Ending age
Imperial Age
RankedLock teamsTeams togetherTeam positionsShared explorationLock speedFull tech treeHidden civsTurbo modeCheats
Victory
Defeat
🇹🇼 Khmer · Taiwan
1454
+7
🇷🇺 Danes · Russia
1219
+16
🇹🇼 Persians · Taiwan
1139
+19
🇵🇱 Varangians · Poland
1242
-15
🇵🇱 Khmer · Poland
1227
-14
🇵🇱 Malians · Poland
1208
-13
kswistek
11:12 Feudal Age
15:48 Castle Age
13:51 Double-Bit Axe
13:50 Horse Collar
17:52 Bow Saw
22:52 Loom
25:24 Scale Mail Armor
28:02 Chain Mail Armor
27:58 Forging
28:27 Heavy Plow
32:03 Imperial Age
32:08 Husbandry
32:18 Bloodlines
31:29 Light Cavalry
32:14 Heavy Camel Rider
33:51 Scale Barding Armor
34:22 Iron Casting
ALG1S
10:40 Feudal Age
11:37 Double-Bit Axe
11:58 Horse Collar
14:43 Castle Age
15:44 Bow Saw
15:35 Heavy Plow
17:23 Wheelbarrow
21:18 Hand Cart
28:44 Imperial Age
26:22 Gold Mining
26:24 Stone Mining
27:46 Bloodlines
27:36 Husbandry
27:43 Scale Barding Armor
27:49 Forging
27:32 Fletching
28:12 Loom
28:13 Town Watch
28:52 Chain Barding Armor
30:02 Conscription
29:06 Light Cavalry
30:29 Stone Shaft Mining
30:34 Siege Engineers
31:57 Plate Barding Armor
31:57 Iron Casting
31:18 Bodkin Arrow
31:28 Scale Mail Armor
31:50 Pikeman
32:30 Squires
35:51 Blast Furnace
34:51 Bracer
35:45 Chain Mail Armor
35:54 Ballistics
36:35 Chemistry
35:46 Fortified Wall
35:17 Treadmill Crane
36:54 Murder Holes
37:11 Masonry
39:39 Plate Mail Armor
38:56 Arson
40:46 Architecture
lukg
10:51 Feudal Age
14:48 Castle Age
12:59 Double-Bit Axe
13:08 Horse Collar
14:11 Stone Mining
16:07 Bow Saw
24:04 Loom
25:17 Fletching
27:27 Fletching
32:03 Husbandry
34:38 Scale Mail Armor
34:48 Forging
b09581270
9:40 Feudal Age
12:22 Castle Age
10:46 Double-Bit Axe
11:19 Horse Collar
17:47 Bow Saw
19:03 Loom
19:55 Wheelbarrow
22:12 Gold Mining
22:41 Heavy Plow
22:39 Stone Mining
27:45 Imperial Age
26:16 Gold Shaft Mining
26:17 Stone Shaft Mining
26:24 Scale Barding Armor
26:30 Forging
26:45 Hand Cart
26:16 Town Watch
28:18 Ballistics
28:25 Chain Barding Armor
28:51 Conscription
28:21 Elite Ballista Elephant
30:07 Chemistry
29:27 Bloodlines
29:18 Husbandry
29:32 Tusk Swords
30:13 Double Crossbow
31:07 Iron Casting
31:34 Plate Barding Armor
33:21 Blast Furnace
32:24 Murder Holes
32:34 Fletching
35:46 Crop Rotation
35:27 Bodkin Arrow
39:49 Bracer
39:50 Padded Archer Armor
Вороня
10:38 Feudal Age
16:39 Castle Age
14:27 Arson
14:52 Double-Bit Axe
14:52 Man-at-Arms
15:59 Scale Mail Armor
16:17 Forging
16:27 Horse Collar
17:24 Squires
18:35 Gold Mining
18:45 Gambesons
19:14 Man-at-Arms
19:42 Gambesons
21:35 Loom
25:27 Chain Mail Armor
25:47 Iron Casting
27:03 Wheelbarrow
31:39 Fletching
33:52 Gold Shaft Mining
33:09 Stone Mining
37:07 Hand Cart
38:31 Stone Shaft Mining
38:23 Pikeman
38:51 Town Watch
39:18 Bow Saw
39:24 Heavy Plow
39:39 Hamask
43:31 Imperial Age
42:26 Bodkin Arrow
礁溪羅志祥
10:13 Feudal Age
11:03 Double-Bit Axe
15:50 Castle Age
14:37 Horse Collar
17:09 Bow Saw
20:16 Heavy Plow
22:17 Wheelbarrow
22:46 Gold Mining
28:11 Imperial Age
28:07 Forging
28:02 Scale Barding Armor
27:50 Fletching
27:53 Stone Mining
28:39 Gold Shaft Mining
28:51 Hand Cart
29:41 Two-Man Saw
29:13 Crop Rotation
28:18 Cavalier
30:05 Iron Casting
30:24 Husbandry
30:34 Bloodlines
32:36 Chemistry
31:57 Ballistics
31:58 Chain Barding Armor
32:39 Blast Furnace
32:09 Bodkin Arrow
32:14 Padded Archer Armor
32:57 Conscription
32:38 Kamandaran
32:44 Kamandaran
32:31 Crossbowman
33:17 Thumb Ring
35:21 Plate Barding Armor
41:54 Kamandaran
Connection lost

Rejoining the realm…

Still unreachable

The connection could not be restored.

Session expired

The server has moved on; the page needs a fresh start.